 Dungeon Crawl Stone Soup version 0.29.0-13-gc9e81de378 (webtiles) character file.

Game seed: 3545786243625552034

60 Powertoast the Shooter (level 3, 0/31 HPs)
             Began as a Minotaur Hunter on Sept 9, 2022.
             Slain by an ice beast (4 damage)
             ... on level 3 of the Dungeon.
             The game lasted 00:04:58 (1461 turns).

Powertoast the Shooter (Minotaur Hunter)            Turns: 1461, Time: 00:04:59

Health: 0/31       AC:  5    Str: 15    XL:     3   Next: 80%
Magic:  2/2        EV: 12    Int:  6    God:
Gold:   126        SH:  0    Dex: 20    Spells: 2/2 levels left

rFire   . . .      SeeInvis .   a - +0 shortbow
rCold   . . .      Faith    .   (shield currently unavailable)
rNeg    . . .      Spirit   .   o - +2 leather armour of Articulation {rPois Dex+5}
rPois   +          Reflect  .   (helmet restricted)
rElec   .          Harm     .   (no cloak)
rCorr   .          Rampage  .   (no gloves)
Will    .....                   (no boots)
Stlth   ++........              (no amulet)
HPRegen 0.10/turn               (no ring)
MPRegen 0.08/turn               (no ring)

@: no status effects
A: horns 2, retaliatory headbutt
a: no special abilities


You were on level 3 of the Dungeon.
You visited 1 branch of the dungeon, and saw 3 of its levels.

You collected 126 gold pieces.

Inventory:

Hand Weapons
 a - a +0 shortbow (weapon)
 n - a +0 longbow
Armour
 c - a +0 leather armour
 o - the +2 leather armour of Articulation (worn) {rPois Dex+5}
   (You found it on level 3 of the Dungeon)

   Dex:       It affects your dexterity (+5).
   rPois:     It protects you from poison.
Scrolls
 b - 2 scrolls of immolation
 d - a scroll of teleportation
 i - 2 scrolls of identify
 j - a scroll of fear
 k - a scroll of torment {unknown}
 m - a scroll of enchant weapon {unknown}
Potions
 e - a potion of cancellation {unknown}
 f - a potion of magic
 g - a potion of curing {unknown}
 h - a potion of lignification {unknown}
 l - a potion of ambrosia {unknown}


   Skills:
 + Level 3.4 Fighting
 * Level 5.6 Ranged Weapons
 - Level 2.1 Dodging
 - Level 0.7 Stealth


You had 2 spell levels left.
You didn't know any spells.
Your spell library contained the following spells:

 Spells                   Type           Power      Damage    Failure   Level
 Beastly Appendage        Tmut           0%         N/A       52%         1
 Wereblood                Tmut           0%         N/A       67%         2
 Gell's Gravitas          Tloc           0%         N/A       88%         3
 Spider Form              Tmut/Pois      0%         N/A       88%         3
 Teleport Other           Tloc           0%         N/A       88%         3
 Dispersal                Tloc           0%         N/A       100%        6


Dungeon Overview and Level Annotations

Branches:
Dungeon (3/15)

Altars:
Okawaru

Shops:
D:1 (

Annotations:
D:3 Grinder, Terence


Innate Abilities, Weirdness & Mutations

You have a pair of horns on your head.
You reflexively headbutt those who attack you in melee.


Message History

It is a scroll of identify.
j - 2 scrolls of fear Grinder closely misses you.
As you read the scroll of fear, it crumbles to dust.
You assume a fearsome visage.
Grinder looks frightened!
The worm looks frightened!
Grinder blinks!
As you read the scroll labelled LOXEK ZIDUI, it crumbles to dust.
You feel strangely unstable.
It was a scroll of teleportation.
Grinder blinks!
Fire: a) +0 shortbow
Press: ? - help, Q - select action Shift-Dir - straight line, f/p - Grinder
Aim: Grinder (severely wounded, strong, fleeing, 62% to hit)
You shoot an arrow. The arrow hits Grinder.
Your attack snaps Grinder out of her fear.
Grinder is almost dead.
Grinder gestures at you. You resist with significant effort.
Fire: a) +0 shortbow
Press: ? - help, Q - select action Shift-Dir - straight line, f/p - Grinder
Aim: Grinder (almost dead, strong, fleeing, 62% to hit)
You shoot an arrow. The arrow barely misses Grinder.
Your surroundings suddenly seem different.
An ice beast comes into view.
Found a knobbly smoking staff.
A hound comes into view.
The hound barks!
Terence the Incautious comes into view.
He is wielding a +0 short sword.
You start resting.
A hound is nearby!
The hound barely misses you. The hound attacks as you move away!
The hound misses you. The hound bites you.
* * * LOW HITPOINT WARNING * * *
The ice beast attacks as you move away! The ice beast closely misses you.
The hound attacks as you move away! The hound bites you but does no damage.
The hound closely misses you. The ice beast attacks as you move away!
The ice beast misses you. You furiously retaliate!
You headbutt the ice beast! The hound bites you.
* * * LOW HITPOINT WARNING * * *
The hound attacks as you move away! The hound misses you.
The ice beast hits you.
You die...

.....# ... ....
..@ .... h. |....
..#. ##########..
#.. ##..h@.......
#.# #...Y..##....
#.### #......## .
#...###..........
###..........####
#####......#
#......# #...####
#...#


You could see an ice beast and a hound.

Vanquished Creatures
  An adder (D:2)
  3 worms (D:2)
  4 endoplasms
  3 giant cockroaches (D:1)
  5 goblins
  3 hobgoblins
  6 jackals
  2 quokkas
  A ball python (D:1)
  3 bats
  4 frilled lizards
  5 rats
40 creatures vanquished.

Vanquished Creatures (others)
  13 plants (D:2)
13 creatures vanquished.

Grand Total: 53 creatures vanquished

Notes
Turn   | Place    | Note
-------+----------+-------------------------------------------
     0 | D:1      | Powertoast the Minotaur Hunter began the quest for the Orb.
     0 | D:1      | Reached XP level 1. HP: 18/18 MP: 0/0
   132 | D:1      | Reached XP level 2. HP: 25/25 MP: 1/1
   168 | D:1      | Got the Volume of Translocated Shapes
   315 | D:1      | Reached skill level 5 in Ranged Weapons
   347 | D:1      | Found Veixtoq's Weapon Emporium.
   363 | D:1      | Found a faded altar of an unknown god.
   523 | D:2      | Found an iron altar of Okawaru.
   682 | D:2      | Reached XP level 3. HP: 31/31 MP: 2/2
  1393 | D:3      | Identified the +2 leather armour of Articulation {rPois
                  | Dex+5}
  1425 | D:3      | Noticed Grinder
  1430 | D:3      | Paralysed by Grinder for 5 turns
  1441 | D:3      | Noticed an ice beast
  1449 | D:3      | Noticed Terence
  1461 | D:3      | Slain by an ice beast

Illustrated notes

Levels and vault maps discovered:
D:1:      dpeg_arrival_short_road, layout_rooms,
          shapermc_ecumenical_altar_pompeii, serial_shops, shop
D:2:      layout_basic, basic_altar, grunt_decor_clamped, serial_bayou_lagoon_a,
          minmay_misc_feat_hallway, st_stairs_3, fountainhead,
          minmay_tiny_reverse_x
D:3:      minmay_skewed_foursquare, layout_basic, kennysheep_big_empty_room,
          uniq_terence, uniq_natasha, uniq_grinder

Skill      XL: |  1  2 |
---------------+-------+-----
Ranged Weapons | 5 |  5.6
Fighting       | 3 |  3.4
Dodging        | |  2.1
Stealth        | |  0.7

Action                   || total
-------------------------++-------
 Fire: Shortbow          ||    97
  Use: Scroll            ||     3
       Potion            ||     1
Armor: Leather armour    ||    10
Dodge: Dodged            ||    35
